[ AOE2 MATCH · #480819516 ]
UnrankedBerbers vs Lithuanians
[ REPLAY ANALYSIS · EXTRACTED FROM THE RECORDED GAME ]
Feudal
—
Castle
—
Imperial
—
| APM avg | 21.8 |
| APM peak | 54 |
| eAPM avg | 15.4 |
| Villagers / military | 151 / 449 |
Focus
⚔️ 32.0% · 🌾 68.0%
Camel Archer ×292 · Camel Scout ×72 · Scout Cavalry ×70 · Trade Cart ×19 · Knight ×15
Feudal
—
Castle
—
Imperial
—
| APM avg | 35.3 |
| APM peak | 84 |
| eAPM avg | 18.4 |
| Villagers / military | 120 / 238 |
Focus
⚔️ 38.5% · 🌾 61.5%
Knight ×226 · Trade Cart ×34 · Monk ×12
Feudal
—
Castle
—
Imperial
—
| APM avg | 30.1 |
| APM peak | 63 |
| eAPM avg | 26.3 |
| Villagers / military | 225 / 423 |
Focus
⚔️ 43.7% · 🌾 56.3%
Spearman ×299 · Longbowman ×113 · Trade Cart ×47 · Trebuchet (Packed) ×9 · Monk ×2
Feudal
—
Castle
—
Imperial
—
| APM avg | 40.7 |
| APM peak | 90 |
| eAPM avg | 24.6 |
| Villagers / military | 186 / 417 |
Focus
⚔️ 18.1% · 🌾 81.9%
Knight ×245 · Camel Scout ×108 · Trade Cart ×72 · Scout Cavalry ×60 · Spearman ×4
Feudal
—
Castle
—
Imperial
—
| APM avg | 35.1 |
| APM peak | 71 |
| eAPM avg | 20.1 |
| Villagers / military | 173 / 494 |
Focus
⚔️ 28.5% · 🌾 71.5%
Skirmisher ×429 · Trade Cart ×51 · Archer ×44 · Bombard Cannon ×15 · Genitour ×3 · Trebuchet (Packed) ×3
Feudal
—
Castle
—
Imperial
—
| APM avg | 23.3 |
| APM peak | 58 |
| eAPM avg | 16.4 |
| Villagers / military | 216 / 198 |
Focus
⚔️ 20.8% · 🌾 79.2%
Elephant Archer ×146 · Trade Cart ×51 · Armored Elephant ×46 · Trebuchet (Packed) ×6
Feudal
—
Castle
—
Imperial
—
| APM avg | 45.7 |
| APM peak | 92 |
| eAPM avg | 27.5 |
| Villagers / military | 154 / 201 |
Focus
⚔️ 36.4% · 🌾 63.6%
Spearman ×145 · Mangonel ×39 · Trade Cart ×28 · Bombard Cannon ×10 · Trebuchet (Packed) ×4 · Monk ×3
Feudal
—
Castle
—
Imperial
—
| APM avg | 39.6 |
| APM peak | 80 |
| eAPM avg | 17.3 |
| Villagers / military | 151 / 293 |
Focus
⚔️ 31.3% · 🌾 68.7%
Scout Cavalry ×114 · Cavalry Archer ×97 · Hand Cannoneer ×48 · Trade Cart ×27 · Genitour ×17 · Bombard Cannon ×15
Match map
Initial resources + every placement click. Lines = walls · curves = elevation contours. ◆ gold · ⬟ stone · ● berries · ✦ relic · ◌ wall gap
Your base· ✓ Closed at 15:16 · 0t walls · no gate
CARRY_BERRY_JDV <3's base· Open — unwalled flank
BigPapa's base· ✓ Closed at 13:53 · 0t walls · no gate
西游—理塘丁真's base· Open — unwalled flank
[JaMx] buvs's base· ✓ Closed at 17:41 · 30t walls · no gate
DuckySkydiver69's base· Open — unwalled flank
Emperor Constantine's base· Open — unwalled flank
[JaMx] Edbar_'s base· ✓ Closed at 14:12 · 0t walls · no gate
Smoothed initial terrain · ◌ = detected wall gap · hover for details
Inputs per minute
— ttianran - - CARRY_BERRY_JDV <3
Build order — ttianran
First 150 of 460 actions detected
| 0:04 | Queue | Villager (Male) |
| 0:04 | Queue | Villager (Male) |
| 0:05 | Queue | Villager (Male) |
| 0:05 | Queue | Villager (Male) |
| 0:05 | Queue | Villager (Male) |
| 0:05 | Queue | Villager (Male) |
| 0:06 | Build | House |
| 0:10 | Build | House |
| 1:31 | Queue | Villager (Male) |
| 1:31 | Queue | Villager (Male) |
| 1:31 | Queue | Villager (Male) |
| 2:11 | Build | Lumber Camp |
| 2:14 | Queue | Villager (Male) |
| 2:15 | Queue | Villager (Male) |
| 2:35 | Queue | Villager (Male) |
| 2:36 | Queue | Villager (Male) |
| 2:51 | Queue | Villager (Male) |
| 2:52 | Queue | Villager (Male) |
| 2:52 | Queue | Villager (Male) |
| 3:24 | Queue | Villager (Male) |
| 3:24 | Queue | Villager (Male) |
| 3:24 | Queue | Villager (Male) |
| 3:54 | Build | House |
| 3:59 | Queue | Villager (Male) |
| 4:00 | Queue | Villager (Male) |
| 4:00 | Queue | Villager (Male) |
| 4:03 | Build | House |
| 4:36 | Queue | Villager (Male) |
| 4:36 | Queue | Villager (Male) |
| 4:36 | Queue | Villager (Male) |
| 5:13 | Queue | Villager (Male) |
| 5:13 | Queue | Villager (Male) |
| 5:13 | Queue | Villager (Male) |
| 5:14 | Queue | Villager (Male) |
| 5:48 | Queue | Villager (Male) |
| 5:48 | Queue | Villager (Male) |
| 5:48 | Queue | Villager (Male) |
| 5:48 | Queue | Villager (Male) |
| 5:49 | Queue | Villager (Male) |
| 6:09 | Build | Mill |
| 7:17 | Queue | Villager (Male) |
| 7:17 | Queue | Villager (Male) |
| 7:21 | Research | Loom |
| 7:51 | Build | Barracks |
| 8:12 | Build | House |
| 8:35 | Build | Mining Camp |
| 8:45 | Research | Feudal Age |
| 9:25 | Build | House |
| 9:27 | Build | House |
| 10:41 | Queue | Villager (Male) |
| 10:41 | Queue | Villager (Male) |
| 10:56 | Build | Stable |
| 11:10 | Research | Double-Bit Axe |
| 11:27 | Build | Blacksmith |
| 11:31 | Build | Mining Camp |
| 11:38 | Queue | Villager (Male) |
| 11:38 | Queue | Villager (Male) |
| 11:57 | Build | Farm |
| 12:01 | Queue | Villager (Male) |
| 12:06 | Build | Farm |
| 12:32 | Build | Farm |
| 12:35 | Build | Farm |
| 12:50 | Build | Farm |
| 12:58 | Queue | Villager (Male) |
| 13:03 | Build | Farm |
| 13:26 | Queue | Villager (Male) |
| 13:30 | Build | Farm |
| 13:50 | Queue | Villager (Male) |
| 13:55 | Build | Farm |
| 14:13 | Queue | Villager (Male) |
| 14:20 | Build | Farm |
| 14:24 | Build | Farm |
| 14:26 | Build | Farm |
| 14:46 | Queue | Villager (Male) |
| 14:50 | Build | Farm |
| 15:02 | Build | House |
| 15:03 | Build | House |
| 15:16 | Research | Castle Age |
| 15:16 | Research | Castle Age |
| 15:35 | Build | House |
| 15:48 | Build | Lumber Camp |
| 16:01 | Research | Gold Mining |
| 17:11 | Research | Bloodlines |
| 17:56 | Queue | Villager (Male) |
| 17:56 | Queue | Villager (Male) |
| 18:01 | Queue | Camel Scout |
| 18:01 | Queue | Camel Scout |
| 18:01 | Queue | Camel Scout |
| 18:02 | Queue | Camel Scout |
| 18:14 | Build | Town Center |
| 18:20 | Research | Bow Saw |
| 18:35 | Queue | Villager (Male) |
| 18:39 | Queue | Villager (Male) |
| 18:47 | Build | Stable |
| 18:53 | Research | Husbandry |
| 19:12 | Queue | Villager (Male) |
| 19:15 | Queue | Villager (Male) |
| 20:10 | Queue | Knight |
| 20:10 | Queue | Knight |
| 20:11 | Queue | Camel Scout |
| 20:11 | Queue | Camel Scout |
| 20:11 | Queue | Camel Scout |
| 20:13 | Queue | Villager (Male) |
| 20:14 | Queue | Villager (Male) |
| 20:14 | Queue | Villager (Male) |
| 20:14 | Queue | Villager (Male) |
| 20:19 | Build | Farm |
| 20:22 | Build | Farm |
| 20:24 | Build | Farm |
| 20:26 | Build | Farm |
| 20:28 | Queue | Villager (Male) |
| 20:32 | Build | Farm |
| 20:34 | Build | Farm |
| 20:38 | Build | Farm |
| 20:42 | Queue | Villager (Male) |
| 20:48 | Build | Farm |
| 21:02 | Queue | Knight |
| 21:02 | Queue | Camel Scout |
| 21:03 | Queue | Knight |
| 21:03 | Queue | Camel Scout |
| 21:03 | Queue | Knight |
| 21:03 | Queue | Camel Scout |
| 21:58 | Queue | Knight |
| 21:58 | Queue | Knight |
| 21:59 | Queue | Knight |
| 21:59 | Queue | Knight |
| 22:02 | Build | Farm |
| 22:03 | Build | Farm |
| 22:38 | Build | House |
| 22:39 | Build | House |
| 22:40 | Build | House |
| 22:40 | Build | House |
| 22:40 | Build | House |
| 22:50 | Queue | Knight |
| 22:51 | Queue | Knight |
| 22:51 | Queue | Knight |
| 23:07 | Queue | Knight |
| 23:07 | Queue | Knight |
| 23:37 | Queue | Villager (Male) |
| 23:37 | Queue | Villager (Male) |
| 23:38 | Queue | Villager (Male) |
| 23:38 | Queue | Villager (Male) |
| 23:38 | Queue | Villager (Male) |
| 23:38 | Queue | Villager (Male) |
| 23:39 | Queue | Villager (Male) |
| 23:41 | Queue | Villager (Male) |
| 23:43 | Queue | Villager (Male) |
| 23:51 | Build | Lumber Camp |
| 24:03 | Queue | Knight |
| 24:18 | Research | Gold Shaft Mining |
Build order — CARRY_BERRY_JDV <3
First 150 of 612 actions detected
| 0:00 | Queue | Villager (Male) |
| 0:00 | Queue | Villager (Male) |
| 0:02 | Build | House |
| 0:03 | Build | House |
| 0:06 | Queue | Villager (Male) |
| 0:07 | Queue | Villager (Male) |
| 0:07 | Queue | Villager (Male) |
| 0:15 | Queue | Villager (Male) |
| 0:16 | Queue | Villager (Male) |
| 1:35 | Queue | Villager (Male) |
| 1:35 | Queue | Villager (Male) |
| 1:47 | Build | Lumber Camp |
| 2:19 | Queue | Villager (Male) |
| 2:31 | Queue | Villager (Male) |
| 2:31 | Queue | Villager (Male) |
| 2:41 | Queue | Villager (Male) |
| 2:41 | Queue | Villager (Male) |
| 3:18 | Queue | Villager (Male) |
| 3:24 | Build | House |
| 3:35 | Queue | Villager (Male) |
| 3:35 | Queue | Villager (Male) |
| 4:16 | Queue | Villager (Male) |
| 4:26 | Build | Mill |
| 4:27 | Queue | Villager (Male) |
| 4:27 | Queue | Villager (Male) |
| 4:54 | Queue | Villager (Male) |
| 5:36 | Build | House |
| 5:50 | Queue | Villager (Male) |
| 6:17 | Queue | Villager (Male) |
| 6:34 | Queue | Villager (Male) |
| 7:13 | Queue | Villager (Male) |
| 7:14 | Queue | Villager (Male) |
| 7:23 | Build | House |
| 7:31 | Queue | Villager (Male) |
| 7:57 | Queue | Villager (Male) |
| 8:52 | Build | Mining Camp |
| 9:11 | Research | Feudal Age |
| 9:58 | Build | Lumber Camp |
| 10:49 | Queue | Villager (Male) |
| 10:50 | Queue | Villager (Male) |
| 11:26 | Build | Market |
| 11:30 | Build | Blacksmith |
| 11:42 | Research | Double-Bit Axe |
| 11:44 | Research | Horse Collar |
| 12:11 | Research | Castle Age |
| 12:11 | Research | Castle Age |
| 12:47 | Build | Lumber Camp |
| 12:52 | Build | House |
| 12:53 | Build | House |
| 12:58 | Research | Loom |
| 13:08 | Build | Barracks |
| 13:15 | Build | Farm |
| 13:34 | Build | Farm |
| 13:37 | Build | Farm |
| 13:49 | Build | House |
| 14:11 | Build | Farm |
| 14:14 | Build | Farm |
| 14:19 | Build | Farm |
| 14:32 | Build | Stable |
| 14:52 | Research | Bow Saw |
| 14:52 | Research | Bow Saw |
| 14:54 | Build | House |
| 15:14 | Queue | Knight |
| 15:19 | Queue | Villager (Male) |
| 15:19 | Queue | Villager (Male) |
| 15:28 | Build | Monastery |
| 15:41 | Queue | Knight |
| 15:44 | Queue | Villager (Male) |
| 16:05 | Queue | Monk |
| 16:06 | Queue | Monk |
| 16:12 | Queue | Villager (Male) |
| 16:14 | Build | Farm |
| 16:25 | Build | Farm |
| 16:33 | Build | Farm |
| 16:34 | Queue | Villager (Male) |
| 16:38 | Build | Farm |
| 17:01 | Queue | Villager (Male) |
| 17:02 | Queue | Villager (Male) |
| 17:19 | Queue | Villager (Male) |
| 17:25 | Build | Town Center |
| 17:35 | Queue | Villager (Male) |
| 17:40 | Build | Farm |
| 18:14 | Queue | Knight |
| 18:27 | Queue | Villager (Male) |
| 18:35 | Build | Town Center |
| 18:50 | Queue | Villager (Male) |
| 18:51 | Queue | Villager (Male) |
| 19:01 | Build | Stable |
| 19:20 | Research | Scale Barding Armor |
| 19:22 | Queue | Knight |
| 19:24 | Queue | Knight |
| 19:42 | Queue | Monk |
| 19:48 | Queue | Villager (Male) |
| 19:49 | Queue | Villager (Male) |
| 19:52 | Build | Farm |
| 19:55 | Build | Farm |
| 19:57 | Build | Farm |
| 19:59 | Build | Farm |
| 20:00 | Queue | Villager (Male) |
| 20:04 | Queue | Villager (Male) |
| 20:18 | Build | Farm |
| 20:20 | Build | Farm |
| 20:22 | Build | Farm |
| 20:23 | Queue | Villager (Male) |
| 20:25 | Build | Farm |
| 20:34 | Queue | Monk |
| 20:35 | Queue | Monk |
| 20:47 | Build | Farm |
| 20:51 | Queue | Villager (Male) |
| 20:53 | Research | Wheelbarrow |
| 20:58 | Build | Farm |
| 21:00 | Build | Farm |
| 21:02 | Build | Farm |
| 21:09 | Build | House |
| 21:10 | Build | House |
| 21:13 | Research | Town Watch |
| 21:36 | Research | Forging |
| 21:56 | Queue | Knight |
| 22:26 | Research | Chain Barding Armor |
| 22:30 | Queue | Knight |
| 22:30 | Queue | Knight |
| 22:30 | Queue | Knight |
| 22:37 | Build | Farm |
| 22:41 | Queue | Villager (Male) |
| 22:45 | Build | Farm |
| 22:48 | Build | Farm |
| 22:57 | Queue | Villager (Male) |
| 22:59 | Build | Farm |
| 23:00 | Queue | Villager (Male) |
| 23:02 | Build | Farm |
| 23:04 | Build | House |
| 23:04 | Build | House |
| 23:05 | Build | House |
| 23:06 | Build | House |
| 23:08 | Build | House |
| 23:09 | Build | House |
| 23:09 | Build | House |
| 23:11 | Build | House |
| 23:12 | Queue | Villager (Male) |
| 23:28 | Research | Hand Cart |
| 23:38 | Queue | Knight |
| 23:39 | Queue | Monk |
| 23:39 | Queue | Monk |
| 23:40 | Queue | Monk |
| 23:47 | Queue | Villager (Male) |
| 23:52 | Build | Mining Camp |
| 23:55 | Queue | Knight |
| 23:56 | Queue | Knight |
| 24:00 | Queue | Villager (Male) |
| 24:03 | Build | Farm |
Build order — BigPapa
First 150 of 902 actions detected
| 0:01 | Queue | Villager (Male) |
| 0:02 | Queue | Villager (Male) |
| 0:02 | Queue | Villager (Male) |
| 0:02 | Queue | Villager (Male) |
| 0:02 | Queue | Villager (Male) |
| 0:04 | Build | House |
| 0:06 | Build | House |
| 1:23 | Queue | Villager (Male) |
| 1:46 | Build | House |
| 1:56 | Queue | Villager (Male) |
| 2:09 | Queue | Villager (Male) |
| 2:39 | Build | Lumber Camp |
| 3:03 | Queue | Villager (Male) |
| 3:03 | Queue | Villager (Male) |
| 3:43 | Queue | Villager (Male) |
| 4:16 | Queue | Villager (Male) |
| 4:16 | Queue | Villager (Male) |
| 4:20 | Build | Mill |
| 4:53 | Queue | Villager (Male) |
| 4:53 | Queue | Villager (Male) |
| 5:22 | Queue | Villager (Male) |
| 5:55 | Queue | Villager (Male) |
| 6:06 | Build | House |
| 6:18 | Queue | Villager (Male) |
| 6:18 | Queue | Villager (Male) |
| 6:19 | Queue | Villager (Male) |
| 6:19 | Queue | Villager (Male) |
| 7:27 | Queue | Villager (Male) |
| 7:55 | Build | Mining Camp |
| 8:02 | Queue | Villager (Male) |
| 8:15 | Queue | Villager (Male) |
| 8:42 | Queue | Villager (Male) |
| 9:15 | Research | Feudal Age |
| 9:20 | Research | Loom |
| 10:00 | Build | House |
| 10:02 | Build | House |
| 10:26 | Queue | Villager (Male) |
| 10:26 | Queue | Villager (Male) |
| 10:28 | Queue | Villager (Male) |
| 10:28 | Queue | Villager (Male) |
| 11:29 | Build | Market |
| 11:39 | Build | Blacksmith |
| 13:13 | Build | Farm |
| 13:53 | Research | Castle Age |
| 14:25 | Queue | Villager (Male) |
| 14:26 | Queue | Villager (Male) |
| 14:32 | Research | Double-Bit Axe |
| 14:37 | Build | Farm |
| 14:39 | Build | Farm |
| 14:43 | Build | Farm |
| 14:53 | Build | Farm |
| 15:08 | Build | Farm |
| 15:10 | Queue | Villager (Male) |
| 15:10 | Queue | Villager (Male) |
| 16:37 | Build | Town Center |
| 16:43 | Build | Town Center |
| 16:56 | Build | Town Center |
| 17:01 | Queue | Villager (Male) |
| 17:03 | Research | Bow Saw |
| 17:24 | Queue | Villager (Male) |
| 17:35 | Queue | Villager (Male) |
| 17:39 | Build | Farm |
| 17:42 | Queue | Villager (Male) |
| 17:45 | Research | Horse Collar |
| 17:50 | Build | Farm |
| 17:54 | Build | Farm |
| 18:02 | Queue | Villager (Male) |
| 18:02 | Queue | Villager (Male) |
| 18:06 | Build | Farm |
| 18:21 | Build | Farm |
| 18:28 | Queue | Villager (Male) |
| 18:36 | Build | Farm |
| 18:37 | Queue | Villager (Male) |
| 18:39 | Build | Farm |
| 18:43 | Build | Farm |
| 18:56 | Build | Farm |
| 18:57 | Queue | Villager (Male) |
| 18:58 | Queue | Villager (Male) |
| 19:06 | Queue | Villager (Male) |
| 19:07 | Queue | Villager (Male) |
| 19:23 | Build | Barracks |
| 19:24 | Queue | Villager (Male) |
| 19:31 | Queue | Villager (Male) |
| 19:34 | Build | Farm |
| 19:36 | Build | Farm |
| 19:41 | Build | Farm |
| 19:43 | Queue | Villager (Male) |
| 19:59 | Build | Farm |
| 20:00 | Queue | Villager (Male) |
| 20:00 | Queue | Villager (Male) |
| 20:10 | Build | House |
| 20:10 | Build | House |
| 20:22 | Queue | Villager (Male) |
| 20:29 | Build | Farm |
| 20:29 | Queue | Villager (Male) |
| 20:30 | Queue | Villager (Male) |
| 20:30 | Queue | Villager (Male) |
| 20:35 | Queue | Villager (Male) |
| 20:35 | Queue | Villager (Male) |
| 20:47 | Build | Farm |
| 20:49 | Queue | Villager (Male) |
| 20:49 | Queue | Villager (Male) |
| 20:57 | Build | Farm |
| 21:13 | Research | Wheelbarrow |
| 21:14 | Research | Wheelbarrow |
| 21:19 | Build | House |
| 21:20 | Build | House |
| 21:23 | Build | House |
| 21:30 | Queue | Villager (Male) |
| 21:30 | Queue | Villager (Male) |
| 21:36 | Queue | Villager (Male) |
| 21:36 | Queue | Villager (Male) |
| 21:51 | Queue | Villager (Male) |
| 21:56 | Queue | Villager (Male) |
| 21:57 | Build | Barracks |
| 21:58 | Queue | Villager (Male) |
| 21:59 | Queue | Villager (Male) |
| 22:04 | Build | Farm |
| 22:07 | Queue | Villager (Male) |
| 22:12 | Queue | Villager (Male) |
| 22:17 | Build | Farm |
| 22:32 | Queue | Villager (Male) |
| 22:32 | Queue | Villager (Male) |
| 22:40 | Queue | Villager (Male) |
| 22:40 | Queue | Villager (Male) |
| 22:46 | Build | Barracks |
| 22:47 | Queue | Villager (Male) |
| 22:47 | Queue | Villager (Male) |
| 22:53 | Queue | Villager (Male) |
| 22:55 | Build | House |
| 22:57 | Build | House |
| 22:57 | Queue | Villager (Male) |
| 23:01 | Queue | Villager (Male) |
| 23:04 | Build | Farm |
| 23:13 | Build | Farm |
| 23:14 | Queue | Villager (Male) |
| 23:14 | Queue | Villager (Male) |
| 23:17 | Queue | Villager (Male) |
| 23:22 | Build | Farm |
| 23:23 | Queue | Villager (Male) |
| 23:23 | Queue | Villager (Male) |
| 23:28 | Build | Farm |
| 23:29 | Queue | Villager (Male) |
| 23:31 | Queue | Villager (Male) |
| 23:31 | Queue | Villager (Male) |
| 23:37 | Queue | Villager (Male) |
| 23:46 | Queue | Villager (Male) |
| 23:54 | Queue | Villager (Male) |
| 23:54 | Queue | Villager (Male) |
| 23:56 | Build | Monastery |
Build order — 西游—理塘丁真
First 150 of 578 actions detected
| 0:05 | Build | House |
| 0:07 | Build | House |
| 0:09 | Build | House |
| 0:10 | Queue | Villager (Male) |
| 0:10 | Queue | Villager (Male) |
| 0:11 | Queue | Villager (Male) |
| 0:11 | Queue | Villager (Male) |
| 0:11 | Queue | Villager (Male) |
| 1:42 | Queue | Villager (Male) |
| 2:08 | Queue | Villager (Male) |
| 2:08 | Queue | Villager (Male) |
| 2:30 | Queue | Villager (Male) |
| 2:30 | Queue | Villager (Male) |
| 3:16 | Queue | Villager (Male) |
| 3:16 | Queue | Villager (Male) |
| 3:17 | Queue | Villager (Male) |
| 3:17 | Queue | Villager (Male) |
| 3:57 | Queue | Villager (Male) |
| 3:58 | Queue | Villager (Male) |
| 3:58 | Queue | Villager (Male) |
| 4:25 | Build | Lumber Camp |
| 4:58 | Build | Mill |
| 5:12 | Build | Mill |
| 5:16 | Queue | Villager (Male) |
| 5:41 | Queue | Villager (Male) |
| 5:51 | Build | House |
| 6:26 | Build | House |
| 6:28 | Queue | Villager (Male) |
| 6:39 | Queue | Villager (Male) |
| 7:05 | Queue | Villager (Male) |
| 7:12 | Build | Mining Camp |
| 7:36 | Queue | Villager (Male) |
| 7:43 | Build | Farm |
| 7:53 | Queue | Villager (Male) |
| 8:12 | Build | Lumber Camp |
| 8:15 | Queue | Villager (Male) |
| 8:23 | Queue | Villager (Male) |
| 8:58 | Research | Feudal Age |
| 8:58 | Research | Feudal Age |
| 11:02 | Queue | Villager (Male) |
| 11:21 | Build | Market |
| 11:27 | Build | Blacksmith |
| 11:29 | Queue | Villager (Male) |
| 11:45 | Build | Farm |
| 11:48 | Build | Farm |
| 11:54 | Build | Farm |
| 11:56 | Queue | Villager (Male) |
| 12:11 | Build | Farm |
| 12:13 | Queue | Villager (Male) |
| 12:18 | Build | Barracks |
| 12:30 | Build | Farm |
| 12:33 | Queue | Villager (Male) |
| 12:42 | Build | Farm |
| 12:44 | Research | Loom |
| 12:44 | Research | Loom |
| 12:59 | Build | House |
| 13:05 | Build | Farm |
| 13:22 | Research | Castle Age |
| 13:25 | Queue | Spearman |
| 13:55 | Build | House |
| 13:56 | Build | House |
| 14:05 | Queue | Spearman |
| 14:46 | Queue | Spearman |
| 14:51 | Research | Double-Bit Axe |
| 14:52 | Research | Horse Collar |
| 15:04 | Queue | Spearman |
| 15:52 | Queue | Villager (Male) |
| 15:53 | Queue | Villager (Male) |
| 16:02 | Build | Town Center |
| 16:11 | Research | Bow Saw |
| 16:23 | Queue | Villager (Male) |
| 16:41 | Queue | Villager (Male) |
| 17:05 | Build | Town Center |
| 17:09 | Queue | Villager (Male) |
| 17:48 | Build | Farm |
| 17:51 | Queue | Villager (Male) |
| 17:51 | Queue | Villager (Male) |
| 17:52 | Queue | Villager (Male) |
| 17:53 | Queue | Villager (Male) |
| 17:53 | Queue | Villager (Male) |
| 18:13 | Queue | Villager (Male) |
| 18:16 | Build | Farm |
| 18:49 | Queue | Villager (Male) |
| 18:49 | Queue | Villager (Male) |
| 18:49 | Queue | Villager (Male) |
| 18:49 | Queue | Villager (Male) |
| 18:49 | Queue | Villager (Male) |
| 18:55 | Build | Farm |
| 18:57 | Build | Farm |
| 19:01 | Queue | Villager (Male) |
| 19:01 | Queue | Villager (Male) |
| 19:07 | Build | Farm |
| 19:08 | Build | Farm |
| 19:14 | Build | Farm |
| 19:23 | Queue | Villager (Male) |
| 19:24 | Queue | Villager (Male) |
| 19:30 | Build | Farm |
| 19:31 | Build | Farm |
| 19:33 | Build | Farm |
| 19:39 | Build | Farm |
| 19:43 | Queue | Villager (Male) |
| 19:44 | Queue | Villager (Male) |
| 19:44 | Queue | Villager (Male) |
| 19:54 | Queue | Villager (Male) |
| 19:54 | Queue | Villager (Male) ×2 |
| 19:54 | Queue | Villager (Male) ×2 |
| 19:54 | Queue | Villager (Male) |
| 20:13 | Queue | Villager (Male) |
| 20:13 | Queue | Villager (Male) |
| 20:13 | Queue | Villager (Male) |
| 20:19 | Build | Farm |
| 20:24 | Build | House |
| 20:25 | Build | House |
| 20:25 | Build | House |
| 20:25 | Build | House |
| 20:26 | Build | House |
| 20:26 | Build | House |
| 20:26 | Build | House |
| 20:26 | Build | House |
| 20:34 | Research | Wheelbarrow |
| 20:35 | Research | Wheelbarrow |
| 20:41 | Research | Town Watch |
| 20:41 | Research | Town Watch |
| 20:48 | Build | Farm |
| 20:49 | Build | Farm |
| 20:55 | Queue | Villager (Male) |
| 20:56 | Queue | Villager (Male) |
| 20:56 | Queue | Villager (Male) |
| 21:17 | Build | Town Center |
| 21:19 | Queue | Villager (Male) |
| 21:20 | Queue | Villager (Male) |
| 21:20 | Queue | Villager (Male) |
| 21:44 | Queue | Villager (Male) |
| 21:44 | Queue | Villager (Male) |
| 21:54 | Queue | Villager (Male) |
| 21:54 | Queue | Villager (Male) |
| 21:58 | Build | Farm |
| 21:59 | Build | Farm |
| 21:59 | Build | Farm |
| 21:59 | Build | Farm |
| 21:59 | Build | Farm |
| 22:00 | Build | Farm |
| 22:08 | Queue | Villager (Male) |
| 22:08 | Queue | Villager (Male) |
| 22:08 | Queue | Villager (Male) |
| 22:09 | Queue | Villager (Male) |
| 22:15 | Build | House |
| 22:18 | Build | House |
| 22:19 | Build | House |
| 22:20 | Build | House |
Build order — [JaMx] buvs
First 150 of 590 actions detected
| 0:01 | Queue | Villager (Male) |
| 0:01 | Queue | Villager (Male) |
| 0:02 | Queue | Villager (Male) |
| 0:02 | Queue | Villager (Male) |
| 0:02 | Queue | Villager (Male) |
| 0:04 | Build | House |
| 0:06 | Build | House |
| 1:26 | Queue | Villager (Male) |
| 1:26 | Queue | Villager (Male) |
| 1:26 | Queue | Villager (Male) |
| 1:56 | Build | Lumber Camp |
| 2:03 | Queue | Villager (Male) |
| 2:03 | Queue | Villager (Male) |
| 2:29 | Queue | Villager (Male) |
| 2:30 | Queue | Villager (Male) |
| 2:53 | Queue | Villager (Male) |
| 2:54 | Queue | Villager (Male) |
| 3:25 | Queue | Villager (Male) |
| 3:25 | Queue | Villager (Male) |
| 3:25 | Queue | Villager (Male) |
| 3:52 | Queue | Villager (Male) |
| 3:52 | Queue | Villager (Male) |
| 3:52 | Queue | Villager (Male) |
| 4:12 | Queue | Villager (Male) |
| 4:12 | Queue | Villager (Male) |
| 4:50 | Queue | Villager (Male) |
| 4:50 | Queue | Villager (Male) |
| 5:21 | Build | House |
| 5:28 | Research | Loom |
| 5:29 | Queue | Villager (Male) |
| 6:00 | Queue | Villager (Male) |
| 6:00 | Queue | Villager (Male) |
| 6:24 | Build | House |
| 6:50 | Build | Mill |
| 6:54 | Queue | Villager (Male) |
| 6:59 | Queue | Villager (Male) |
| 7:21 | Queue | Villager (Male) |
| 8:22 | Research | Feudal Age |
| 9:15 | Queue | Villager (Male) |
| 9:47 | Queue | Villager (Male) |
| 10:03 | Build | Farm |
| 10:03 | Build | Farm |
| 10:04 | Build | Farm |
| 10:04 | Build | Farm |
| 10:04 | Build | Farm |
| 10:04 | Build | Farm |
| 10:46 | Queue | Villager (Male) |
| 11:04 | Build | Barracks |
| 11:07 | Build | Palisade Wall |
| 11:14 | Build | Stone Wall |
| 11:25 | Build | Gate |
| 11:34 | Build | Stone Wall |
| 11:43 | Queue | Villager (Male) |
| 12:02 | Queue | Villager (Male) |
| 12:11 | Build | Blacksmith |
| 12:12 | Queue | Villager (Male) |
| 12:12 | Queue | Villager (Male) |
| 12:22 | Build | House |
| 12:23 | Build | House |
| 12:25 | Build | House |
| 12:40 | Queue | Villager (Male) |
| 12:47 | Research | Town Watch |
| 12:47 | Queue | Villager (Male) |
| 12:48 | Queue | Villager (Male) |
| 12:53 | Build | House |
| 12:55 | Build | House |
| 13:03 | Build | Palisade Wall |
| 13:06 | Queue | Villager (Male) |
| 13:58 | Research | Double-Bit Axe |
| 14:09 | Build | Mining Camp |
| 14:13 | Queue | Villager (Male) |
| 14:18 | Research | Horse Collar |
| 14:32 | Queue | Villager (Male) |
| 14:49 | Queue | Villager (Male) |
| 14:58 | Build | Farm |
| 14:59 | Build | Farm |
| 14:59 | Build | Farm |
| 15:17 | Build | Farm |
| 15:19 | Build | Farm |
| 15:24 | Queue | Villager (Male) |
| 15:32 | Build | Archery Range |
| 15:47 | Queue | Villager (Male) |
| 15:59 | Build | Market |
| 16:04 | Build | Market |
| 16:09 | Queue | Villager (Male) |
| 16:23 | Queue | Archer |
| 16:24 | Queue | Archer |
| 16:57 | Queue | Villager (Male) |
| 17:21 | Queue | Villager (Male) |
| 17:22 | Queue | Villager (Male) |
| 17:41 | Research | Castle Age |
| 17:41 | Research | Castle Age |
| 17:42 | Research | Castle Age |
| 17:53 | Build | House |
| 17:56 | Build | Stone Wall |
| 18:02 | Build | Stone Wall |
| 18:14 | Queue | Villager (Male) |
| 18:14 | Queue | Villager (Male) |
| 18:18 | Queue | Archer |
| 18:18 | Queue | Archer |
| 18:42 | Queue | Villager (Male) |
| 18:47 | Build | Farm |
| 18:49 | Queue | Villager (Male) |
| 19:11 | Build | Market |
| 19:18 | Build | Market |
| 19:32 | Queue | Villager (Male) |
| 19:38 | Research | Fletching |
| 19:42 | Research | Gold Mining |
| 19:46 | Queue | Villager (Male) |
| 20:05 | Build | Stone Wall |
| 20:08 | Build | Stone Wall |
| 20:15 | Build | Stone Wall |
| 20:16 | Build | Stone Wall |
| 20:17 | Build | Stone Wall |
| 20:44 | Build | Town Center |
| 20:50 | Build | Farm |
| 20:50 | Build | Farm |
| 20:51 | Build | Farm |
| 20:51 | Build | Farm |
| 20:51 | Build | Farm |
| 20:52 | Build | Farm |
| 21:14 | Build | Mining Camp |
| 21:24 | Queue | Villager (Male) |
| 21:32 | Research | Bodkin Arrow |
| 22:18 | Queue | Villager (Male) |
| 22:22 | Queue | Villager (Male) |
| 22:23 | Research | Bow Saw |
| 22:47 | Queue | Villager (Male) |
| 22:54 | Research | Wheelbarrow |
| 23:29 | Build | Town Center |
| 23:33 | Queue | Villager (Male) |
| 23:39 | Build | Farm |
| 23:42 | Queue | Villager (Male) |
| 24:07 | Build | House |
| 24:11 | Build | House |
| 24:13 | Build | House |
| 24:15 | Queue | Villager (Male) |
| 24:16 | Queue | Villager (Male) |
| 24:16 | Queue | Villager (Male) |
| 24:43 | Build | Farm |
| 24:59 | Research | Hand Cart |
| 25:09 | Build | House |
| 25:10 | Build | House |
| 25:15 | Queue | Villager (Male) |
| 25:15 | Queue | Villager (Male) |
| 25:16 | Queue | Villager (Male) |
| 25:20 | Queue | Villager (Male) |
| 25:20 | Queue | Villager (Male) |
| 25:40 | Queue | Trade Cart |
| 25:40 | Queue | Trade Cart |
Build order — DuckySkydiver69
First 150 of 528 actions detected
| 0:02 | Queue | Villager (Male) ×4 |
| 0:02 | Queue | Villager (Male) |
| 0:04 | Build | House |
| 0:07 | Build | House |
| 1:22 | Build | Mill |
| 1:40 | Queue | Villager (Male) |
| 2:16 | Queue | Villager (Male) |
| 2:45 | Queue | Villager (Male) |
| 2:59 | Build | Lumber Camp |
| 3:12 | Queue | Villager (Male) |
| 3:13 | Queue | Villager (Male) |
| 3:39 | Queue | Villager (Male) |
| 3:51 | Build | House |
| 4:03 | Queue | Villager (Male) |
| 4:32 | Queue | Villager (Male) |
| 4:33 | Queue | Villager (Male) |
| 4:39 | Queue | Villager (Male) |
| 5:12 | Queue | Villager (Male) |
| 5:18 | Build | House |
| 5:43 | Queue | Villager (Male) |
| 5:43 | Queue | Villager (Male) |
| 6:15 | Queue | Villager (Male) |
| 6:41 | Queue | Villager (Male) |
| 6:41 | Queue | Villager (Male) |
| 6:41 | Queue | Villager (Male) |
| 6:53 | Build | Lumber Camp |
| 6:57 | Queue | Villager (Male) |
| 6:57 | Queue | Villager (Male) |
| 7:21 | Build | Farm |
| 7:21 | Build | Farm |
| 7:23 | Build | Farm |
| 7:58 | Queue | Villager (Male) |
| 7:59 | Queue | Villager (Male) |
| 8:51 | Build | Mining Camp |
| 8:54 | Queue | Villager (Male) |
| 9:03 | Research | Feudal Age |
| 10:24 | Build | House |
| 11:18 | Queue | Villager (Male) |
| 11:18 | Queue | Villager (Male) |
| 11:33 | Queue | Villager (Male) |
| 11:41 | Build | Market |
| 11:43 | Build | Blacksmith |
| 11:49 | Build | Farm |
| 11:49 | Build | Farm |
| 11:49 | Build | Farm |
| 12:52 | Research | Castle Age |
| 13:44 | Research | Double-Bit Axe |
| 14:10 | Research | Horse Collar |
| 15:40 | Research | Wheelbarrow |
| 15:44 | Build | Town Center |
| 15:54 | Build | Town Center |
| 15:57 | Queue | Villager (Male) |
| 15:59 | Research | Bow Saw |
| 16:08 | Build | Town Center |
| 16:12 | Queue | Villager (Male) |
| 16:28 | Build | Farm |
| 16:29 | Build | Farm |
| 16:29 | Build | Farm |
| 16:29 | Build | Farm |
| 16:30 | Build | Farm |
| 16:30 | Build | Farm |
| 16:56 | Queue | Villager (Male) |
| 16:56 | Queue | Villager (Male) |
| 17:04 | Build | Farm |
| 17:04 | Build | Farm |
| 17:05 | Build | Farm |
| 17:05 | Build | Farm |
| 17:05 | Build | Farm |
| 17:12 | Queue | Villager (Male) |
| 17:22 | Build | Farm |
| 17:22 | Build | Farm |
| 17:22 | Build | Farm |
| 17:23 | Build | Farm |
| 17:23 | Build | Farm |
| 17:23 | Build | Farm |
| 17:27 | Queue | Villager (Male) |
| 17:27 | Queue | Villager (Male) |
| 17:27 | Queue | Villager (Male) |
| 17:37 | Queue | Villager (Male) |
| 17:43 | Queue | Villager (Male) |
| 17:47 | Build | Farm |
| 18:05 | Queue | Villager (Male) |
| 18:05 | Queue | Villager (Male) |
| 18:05 | Queue | Villager (Male) |
| 18:05 | Queue | Villager (Male) |
| 18:10 | Build | Farm |
| 18:10 | Build | Farm |
| 18:10 | Build | Farm |
| 18:10 | Build | Farm |
| 18:11 | Build | Farm |
| 18:20 | Queue | Villager (Male) |
| 18:33 | Queue | Villager (Male) |
| 18:37 | Queue | Villager (Male) |
| 18:41 | Build | House |
| 18:41 | Build | House |
| 18:42 | Build | House |
| 18:42 | Build | House |
| 18:43 | Build | House |
| 18:43 | Build | House |
| 18:43 | Build | House |
| 18:49 | Queue | Villager (Male) |
| 18:49 | Queue | Villager (Male) |
| 18:49 | Queue | Villager (Male) |
| 18:49 | Queue | Villager (Male) |
| 18:50 | Queue | Villager (Male) |
| 18:50 | Queue | Villager (Male) |
| 18:50 | Queue | Villager (Male) |
| 18:50 | Queue | Villager (Male) |
| 18:54 | Build | Farm |
| 18:55 | Build | Farm |
| 18:55 | Build | Farm |
| 19:03 | Queue | Villager (Male) |
| 19:07 | Queue | Villager (Male) |
| 19:09 | Queue | Villager (Male) |
| 19:11 | Build | Farm |
| 19:11 | Build | Farm |
| 19:12 | Build | Farm |
| 19:12 | Build | Farm |
| 19:12 | Build | Farm |
| 19:16 | Queue | Villager (Male) |
| 19:16 | Queue | Villager (Male) |
| 19:16 | Queue | Villager (Male) |
| 19:16 | Queue | Villager (Male) |
| 19:19 | Build | Farm |
| 19:28 | Queue | Villager (Male) |
| 19:28 | Queue | Villager (Male) |
| 19:28 | Queue | Villager (Male) |
| 19:28 | Queue | Villager (Male) |
| 19:28 | Queue | Villager (Male) |
| 19:28 | Queue | Villager (Male) |
| 19:28 | Queue | Villager (Male) |
| 19:28 | Queue | Villager (Male) |
| 19:49 | Queue | Villager (Male) |
| 19:51 | Queue | Villager (Male) |
| 19:53 | Queue | Villager (Male) |
| 19:55 | Queue | Villager (Male) |
| 20:00 | Build | Farm |
| 20:00 | Build | Farm |
| 20:00 | Build | Farm |
| 20:01 | Build | Farm |
| 20:01 | Build | Farm |
| 20:01 | Build | Farm |
| 20:02 | Build | Farm |
| 20:02 | Build | Farm |
| 20:13 | Queue | Villager (Male) |
| 20:20 | Queue | Villager (Male) |
| 20:20 | Queue | Villager (Male) |
| 20:23 | Build | House |
| 20:23 | Build | House |
| 20:24 | Build | House |
Build order — Emperor Constantine
First 150 of 530 actions detected
| 0:01 | Queue | Villager (Male) |
| 0:02 | Queue | Villager (Male) |
| 0:02 | Queue | Villager (Male) |
| 0:05 | Build | House |
| 0:06 | Build | House |
| 0:10 | Queue | Villager (Male) |
| 1:15 | Queue | Villager (Male) |
| 1:15 | Queue | Villager (Male) |
| 1:49 | Build | Lumber Camp |
| 2:02 | Queue | Villager (Male) |
| 2:20 | Queue | Villager (Male) |
| 2:20 | Queue | Villager (Male) |
| 2:45 | Queue | Villager (Male) |
| 2:45 | Queue | Villager (Male) |
| 3:10 | Queue | Villager (Male) |
| 3:11 | Queue | Villager (Male) |
| 3:17 | Build | House |
| 3:42 | Queue | Villager (Male) |
| 3:42 | Queue | Villager (Male) |
| 4:30 | Queue | Villager (Male) |
| 4:30 | Queue | Villager (Male) |
| 4:59 | Build | House |
| 5:11 | Queue | Villager (Male) |
| 5:32 | Queue | Villager (Male) |
| 5:53 | Queue | Villager (Male) |
| 5:54 | Queue | Villager (Male) |
| 5:58 | Build | Mill |
| 6:17 | Queue | Villager (Male) |
| 6:27 | Queue | Villager (Male) |
| 7:39 | Queue | Villager (Male) |
| 8:01 | Queue | Villager (Male) |
| 8:21 | Research | Feudal Age |
| 8:25 | Build | Mining Camp |
| 8:29 | Research | Feudal Age |
| 10:32 | Queue | Villager (Male) |
| 10:36 | Build | House |
| 11:02 | Build | Market |
| 11:06 | Build | Blacksmith |
| 11:18 | Queue | Villager (Male) |
| 11:50 | Research | Castle Age |
| 11:55 | Research | Loom |
| 12:16 | Research | Double-Bit Axe |
| 12:47 | Research | Horse Collar |
| 12:56 | Build | Farm |
| 12:59 | Build | Farm |
| 13:02 | Build | Farm |
| 13:05 | Build | Farm |
| 13:06 | Queue | Villager (Male) |
| 14:01 | Research | Wheelbarrow |
| 14:02 | Research | Wheelbarrow |
| 14:34 | Build | Town Center |
| 14:47 | Build | Town Center |
| 14:52 | Queue | Villager (Male) |
| 15:21 | Queue | Villager (Male) |
| 15:43 | Queue | Villager (Male) |
| 15:57 | Build | Stone Wall |
| 16:12 | Queue | Villager (Male) |
| 16:19 | Queue | Villager (Male) |
| 16:25 | Research | Bow Saw |
| 16:38 | Build | Gate |
| 16:40 | Queue | Villager (Male) |
| 16:42 | Build | Farm |
| 16:44 | Queue | Villager (Male) |
| 16:44 | Queue | Villager (Male) |
| 16:47 | Build | Farm |
| 16:57 | Build | Farm |
| 17:00 | Build | Farm |
| 17:03 | Build | Farm |
| 17:04 | Queue | Villager (Male) |
| 17:15 | Build | Stone Wall |
| 17:21 | Build | Mining Camp |
| 17:28 | Build | Farm |
| 17:31 | Build | Farm |
| 17:34 | Build | Farm |
| 17:35 | Queue | Villager (Male) |
| 17:37 | Build | Farm |
| 17:40 | Build | Farm |
| 17:52 | Queue | Villager (Male) |
| 17:53 | Queue | Villager (Male) |
| 17:53 | Queue | Villager (Male) |
| 17:57 | Build | Farm |
| 18:00 | Build | Farm |
| 18:04 | Build | Farm |
| 18:05 | Queue | Villager (Male) |
| 18:12 | Build | House |
| 18:15 | Build | House |
| 18:33 | Queue | Villager (Male) |
| 18:33 | Queue | Villager (Male) |
| 18:33 | Queue | Villager (Male) |
| 18:37 | Build | Farm |
| 18:38 | Queue | Villager (Male) |
| 18:38 | Queue | Villager (Male) |
| 18:41 | Build | Farm |
| 18:54 | Queue | Villager (Male) |
| 19:01 | Build | Farm |
| 19:02 | Queue | Villager (Male) |
| 19:10 | Build | Stone Wall |
| 19:16 | Queue | Villager (Male) |
| 19:16 | Queue | Villager (Male) |
| 19:21 | Build | Farm |
| 19:25 | Build | Farm |
| 19:27 | Build | Farm |
| 19:28 | Queue | Villager (Male) |
| 19:28 | Queue | Villager (Male) |
| 19:31 | Build | Farm |
| 19:39 | Queue | Villager (Male) |
| 19:41 | Queue | Villager (Male) |
| 19:43 | Build | House |
| 19:45 | Build | House |
| 19:47 | Queue | Villager (Male) |
| 19:50 | Build | Farm |
| 19:56 | Build | Farm |
| 20:02 | Queue | Villager (Male) |
| 20:02 | Queue | Villager (Male) |
| 20:05 | Build | Farm |
| 20:06 | Queue | Villager (Male) |
| 20:16 | Queue | Villager (Male) |
| 20:30 | Queue | Villager (Male) |
| 20:55 | Queue | Villager (Male) |
| 20:56 | Queue | Villager (Male) |
| 20:58 | Build | House |
| 20:58 | Build | House |
| 21:00 | Queue | Villager (Male) |
| 21:06 | Build | Farm |
| 21:07 | Build | Farm |
| 21:09 | Queue | Villager (Male) |
| 21:18 | Queue | Villager (Male) |
| 21:19 | Queue | Villager (Male) |
| 21:27 | Build | Farm |
| 21:32 | Queue | Villager (Male) |
| 21:37 | Build | Farm |
| 21:38 | Queue | Villager (Male) |
| 21:43 | Build | House |
| 21:44 | Build | House |
| 21:45 | Queue | Villager (Male) |
| 21:47 | Queue | Villager (Male) |
| 21:49 | Build | University |
| 21:51 | Queue | Villager (Male) |
| 22:01 | Build | Monastery |
| 22:04 | Queue | Villager (Male) |
| 22:07 | Build | Farm |
| 22:11 | Queue | Villager (Male) |
| 22:22 | Build | Stone Wall |
| 22:45 | Queue | Monk |
| 22:46 | Queue | Monk |
| 22:48 | Queue | Villager (Male) |
| 23:02 | Queue | Villager (Male) |
| 23:05 | Build | House |
| 23:06 | Build | House |
| 23:14 | Queue | Villager (Male) |
Build order — [JaMx] Edbar_
First 150 of 443 actions detected
| 0:02 | Queue | Villager (Male) |
| 0:02 | Queue | Villager (Male) |
| 0:02 | Queue | Villager (Male) |
| 0:03 | Queue | Villager (Male) |
| 0:03 | Queue | Villager (Male) |
| 0:04 | Build | House |
| 0:06 | Build | House |
| 1:31 | Queue | Villager (Male) |
| 1:31 | Queue | Villager (Male) |
| 1:55 | Build | Lumber Camp |
| 2:08 | Queue | Villager (Male) |
| 2:26 | Queue | Villager (Male) |
| 2:27 | Queue | Villager (Male) |
| 2:38 | Queue | Villager (Male) |
| 3:19 | Queue | Villager (Male) |
| 3:48 | Queue | Villager (Male) |
| 3:48 | Queue | Villager (Male) |
| 4:17 | Queue | Villager (Male) |
| 4:17 | Queue | Villager (Male) |
| 4:17 | Queue | Villager (Male) |
| 4:18 | Queue | Villager (Male) |
| 4:46 | Research | Loom |
| 4:48 | Build | House |
| 4:50 | Queue | Villager (Male) |
| 5:04 | Queue | Villager (Male) |
| 5:05 | Queue | Villager (Male) |
| 5:46 | Build | House |
| 6:33 | Build | Mill |
| 6:36 | Queue | Villager (Male) |
| 6:37 | Queue | Villager (Male) |
| 6:38 | Queue | Villager (Male) |
| 6:38 | Queue | Villager (Male) |
| 6:38 | Queue | Villager (Male) |
| 7:38 | Queue | Villager (Male) |
| 7:59 | Build | Farm |
| 8:01 | Build | Farm |
| 8:06 | Queue | Villager (Male) |
| 8:06 | Queue | Villager (Male) |
| 8:33 | Build | House |
| 8:42 | Build | House |
| 9:53 | Queue | Villager (Male) |
| 9:54 | Queue | Villager (Male) |
| 10:10 | Build | Farm |
| 10:41 | Build | Farm |
| 10:45 | Queue | Villager (Male) |
| 10:46 | Research | Feudal Age |
| 11:16 | Build | Mining Camp |
| 13:25 | Build | Market |
| 13:29 | Build | Blacksmith |
| 13:35 | Queue | Villager (Male) |
| 13:35 | Queue | Villager (Male) |
| 13:52 | Build | Farm |
| 14:12 | Research | Castle Age |
| 14:17 | Build | Lumber Camp |
| 14:46 | Build | Farm |
| 14:50 | Build | Farm |
| 14:54 | Build | Farm |
| 15:46 | Queue | Villager (Male) |
| 15:46 | Queue | Villager (Male) |
| 15:46 | Queue | Villager (Male) |
| 15:47 | Queue | Villager (Male) |
| 16:30 | Build | House |
| 16:44 | Build | Farm |
| 16:49 | Build | Farm |
| 17:06 | Build | Monastery |
| 17:49 | Build | Siege Workshop |
| 18:01 | Queue | Villager (Male) |
| 18:08 | Queue | Villager (Male) |
| 18:13 | Research | Double-Bit Axe |
| 18:23 | Research | Horse Collar |
| 18:39 | Research | Imperial Age |
| 19:26 | Build | House |
| 19:34 | Build | Palisade Gate |
| 19:58 | Research | Gold Mining |
| 20:10 | Build | Barracks |
| 20:18 | Research | Bow Saw |
| 21:08 | Build | Archery Range |
| 21:28 | Research | Padded Archer Armor |
| 21:37 | Build | Archery Range |
| 21:53 | Queue | Villager (Male) |
| 22:02 | Queue | Hand Cannoneer |
| 22:13 | Queue | Villager (Male) |
| 22:18 | Research | Leather Archer Armor |
| 22:23 | Queue | Hand Cannoneer |
| 22:26 | Queue | Bombard Cannon |
| 22:29 | Queue | Hand Cannoneer |
| 22:35 | Build | House |
| 22:41 | Queue | Villager (Male) |
| 22:45 | Queue | Monk |
| 22:53 | Queue | Hand Cannoneer |
| 23:01 | Queue | Bombard Cannon |
| 23:06 | Build | Farm |
| 23:09 | Queue | Villager (Male) |
| 23:16 | Queue | Hand Cannoneer |
| 23:35 | Queue | Hand Cannoneer |
| 23:39 | Build | House |
| 23:41 | Build | House |
| 23:52 | Queue | Bombard Cannon |
| 23:56 | Build | Farm |
| 24:00 | Queue | Villager (Male) |
| 24:18 | Build | House |
| 24:19 | Build | House |
| 24:21 | Queue | Hand Cannoneer |
| 24:34 | Queue | Hand Cannoneer |
| 24:36 | Queue | Villager (Male) |
| 25:12 | Queue | Villager (Male) |
| 25:28 | Queue | Villager (Male) |
| 25:32 | Queue | Bombard Cannon |
| 26:22 | Queue | Villager (Male) |
| 26:25 | Queue | Hand Cannoneer ×4 |
| 26:26 | Queue | Villager (Male) |
| 26:45 | Build | Mining Camp |
| 26:47 | Build | Farm |
| 26:48 | Build | Farm |
| 26:49 | Build | Farm |
| 27:25 | Queue | Villager (Male) |
| 27:27 | Queue | Hand Cannoneer ×3 |
| 27:40 | Queue | Villager (Male) |
| 27:47 | Build | Farm |
| 27:48 | Build | Farm |
| 27:48 | Build | Farm |
| 28:01 | Queue | Bombard Cannon |
| 28:02 | Queue | Villager (Male) |
| 28:41 | Queue | Villager (Male) |
| 28:42 | Queue | Hand Cannoneer ×3 |
| 28:44 | Build | Farm |
| 28:47 | Build | House |
| 28:48 | Build | House |
| 29:29 | Queue | Villager (Male) |
| 29:29 | Queue | Villager (Male) |
| 29:40 | Queue | Hand Cannoneer ×3 |
| 29:46 | Build | Farm |
| 29:46 | Build | Farm |
| 29:47 | Build | Farm |
| 29:47 | Build | Farm |
| 30:14 | Queue | Villager (Male) |
| 30:19 | Build | House |
| 30:20 | Build | House |
| 30:20 | Build | House |
| 30:21 | Build | House |
| 30:21 | Build | House |
| 30:29 | Queue | Hand Cannoneer ×5 |
| 31:00 | Queue | Hand Cannoneer ×5 |
| 31:01 | Queue | Villager (Male) |
| 31:02 | Queue | Villager (Male) |
| 31:33 | Queue | Villager (Male) |
| 31:34 | Queue | Villager (Male) |
| 32:12 | Queue | Villager (Male) |
| 32:12 | Queue | Villager (Male) |
| 32:22 | Queue | Villager (Male) |
Match timeline
| 7:51 | ttianran · first_building Barracks |
| 10:56 | ttianran · first_building Stable |
| 11:04 | [JaMx] buvs · first_building Barracks |
| 11:07 | [JaMx] buvs · wall_segment Palisade Wall x1 |
| 11:14 | [JaMx] buvs · wall_segment Stone Wall x9 |
| 11:34 | [JaMx] buvs · wall_segment Stone Wall x19 |
| 12:18 | 西游—理塘丁真 · first_building Barracks |
| 13:03 | [JaMx] buvs · wall_segment Palisade Wall x2 |
| 13:08 | CARRY_BERRY_JDV <3 · first_building Barracks |
| 14:32 | CARRY_BERRY_JDV <3 · first_building Stable |
| 15:28 | CARRY_BERRY_JDV <3 · first_building Monastery |
| 15:32 | [JaMx] buvs · first_building Archery Range |
| 15:41 | Emperor Constantine · first_market_buy 100 stone |
| 15:57 | Emperor Constantine · wall_segment Stone Wall x9 |
| 16:03 | DuckySkydiver69 · first_market_buy 100 stone |
| 16:10 | [JaMx] Edbar_ · first_market_sell 100 stone |
| 16:49 | BigPapa · first_market_buy 100 stone |
| 17:04 | [JaMx] buvs · first_market_sell 100 food |
| 17:06 | [JaMx] Edbar_ · first_building Monastery |
| 17:15 | Emperor Constantine · wall_segment Stone Wall x14 |
| 17:42 | 西游—理塘丁真 · first_market_buy 100 food |
| 17:49 | [JaMx] Edbar_ · first_building Siege Workshop |
| 17:56 | [JaMx] buvs · wall_segment Stone Wall x1 |
| 18:02 | [JaMx] buvs · wall_segment Stone Wall x1 |
| 19:10 | Emperor Constantine · wall_segment Stone Wall x6 |
| 19:23 | BigPapa · first_building Barracks |
| 20:05 | [JaMx] buvs · wall_segment Stone Wall x3 |
| 20:08 | [JaMx] buvs · wall_segment Stone Wall x1 |
| 20:10 | [JaMx] Edbar_ · first_building Barracks |
| 20:15 | [JaMx] buvs · wall_segment Stone Wall x1 |
| 20:16 | [JaMx] buvs · wall_segment Stone Wall x1 |
| 20:17 | [JaMx] buvs · wall_segment Stone Wall x1 |
| 20:40 | [JaMx] buvs · first_market_buy 100 stone |
| 21:08 | [JaMx] Edbar_ · first_building Archery Range |
| 22:01 | Emperor Constantine · first_building Monastery |
| 22:22 | Emperor Constantine · wall_segment Stone Wall x1 |
| 23:56 | BigPapa · first_building Monastery |
| 24:06 | DuckySkydiver69 · first_building Monastery |
| 24:27 | Emperor Constantine · first_building Barracks |
| 24:40 | 西游—理塘丁真 · first_building Castle |
| 24:51 | BigPapa · first_building Castle |
| 24:52 | Emperor Constantine · first_building Castle |
| 25:16 | DuckySkydiver69 · first_building Barracks |
| 25:47 | Emperor Constantine · first_market_sell 100 food |
| 26:19 | DuckySkydiver69 · first_building Archery Range |
| 26:28 | DuckySkydiver69 · first_building Castle |
| 26:34 | DuckySkydiver69 · first_market_sell 100 wood |
| 26:39 | 西游—理塘丁真 · first_building Stable |
| 29:21 | Emperor Constantine · first_building Siege Workshop |
| 32:33 | [JaMx] buvs · first_building Monastery |
| 33:17 | 西游—理塘丁真 · first_market_sell 500 stone |
| 34:13 | [JaMx] buvs · first_building Castle |
| 34:49 | DuckySkydiver69 · first_building Siege Workshop |
| 34:59 | ttianran · first_building Castle |
| 36:13 | ttianran · first_building Archery Range |
| 36:24 | DuckySkydiver69 · first_building Stable |
| 37:24 | BigPapa · first_building Archery Range |
| 38:08 | CARRY_BERRY_JDV <3 · first_building Castle |
| 38:27 | ttianran · first_market_buy 100 wood |
| 40:27 | BigPapa · first_building Stable |
| 42:11 | [JaMx] buvs · first_building Siege Workshop |
| 43:24 | CARRY_BERRY_JDV <3 · first_market_sell 100 wood |
| 44:22 | [JaMx] Edbar_ · tribute_sent a jugador 1 |
| 44:22 | [JaMx] Edbar_ · tribute_sent a jugador 2 |
| 44:22 | [JaMx] Edbar_ · tribute_sent a jugador 3 |
| 44:22 | [JaMx] Edbar_ · tribute_sent a jugador 4 |
| 44:22 | [JaMx] Edbar_ · tribute_sent a jugador 5 |
| 44:22 | [JaMx] Edbar_ · tribute_sent a jugador 6 |
| 44:22 | [JaMx] Edbar_ · tribute_sent a jugador 7 |
| 44:29 | [JaMx] Edbar_ · first_market_buy 100 stone |
| 44:37 | [JaMx] Edbar_ · first_building Castle |
| 45:19 | BigPapa · tribute_sent a jugador 1 |
| 45:19 | BigPapa · tribute_sent a jugador 3 |
| 45:19 | BigPapa · tribute_sent a jugador 4 |
| 45:19 | BigPapa · tribute_sent a jugador 5 |
| 45:19 | BigPapa · tribute_sent a jugador 6 |
| 45:19 | BigPapa · tribute_sent a jugador 7 |
| 45:19 | BigPapa · tribute_sent a jugador 8 |
| 47:21 | [JaMx] Edbar_ · first_building Stable |
| 54:08 | ttianran · first_building Siege Workshop |
| 54:31 | ttianran · first_market_sell 500 stone |
| 54:54 | CARRY_BERRY_JDV <3 · first_building Archery Range |
| 56:08 | BigPapa · first_market_sell 100 food |
| 56:21 | CARRY_BERRY_JDV <3 · first_building Siege Workshop |
| 56:37 | ttianran · resign |
[ AI ANALYSIS · 1 CREDIT ]
What really happened in this match?
Wolo.gg analyzes every decision: build order, eco, micro, common mistakes by bracket. Personalized analysis on WhatsApp or Discord in 30 seconds.
Civ guide
Berbers
Perfil
Jugador #6894289